 Dungeon Crawl Stone Soup version 0.30-a0-225-g04c3547f4f (webtiles) character file.

Game seed: 14232355967276020912

7687 qw the Cleaver (level 11, -1/68 HPs)
             Began as a Gargoyle Fighter on Oct 9, 2022.
             Was an Elder of Okawaru.
             Killed from afar by a gargoyle (16 damage)
             ... with a stone arrow
             ... on level 10 of the Dungeon.
             The game lasted 00:03:42 (8541 turns).

qw the Cleaver (Gargoyle Fighter)                   Turns: 8541, Time: 00:03:43

Health: -1/68      AC: 23    Str: 27    XL:     11   Next: 19%
Magic:  16/16      EV: 10    Int:  8    God:    Okawaru [****..]
Gold:   466        SH:  6    Dex:  9    Spells: 10/10 levels left

rFire   + + .      SeeInvis .    e - +3 war axe
rCold   + . .      Faith    .    c - +0 buckler
rNeg    + . .      Spirit   .    p - +0 chain mail
rPois   inf        Reflect  .    (no helmet)
rElec   +          Harm     .    n - scarf {rC+ rF+}
rCorr   .          Rampage  .    (no gloves)
Will    .....                    v - +2 pair of boots
Stlth   ..........               r - amulet of regeneration
HPRegen 1.11/turn                f - ring of Jaezxitt {rPois rF+ Str+2}
MPRegen 0.15/turn                (no ring)

@: about to teleport, heroic
A: sickness immunity, AC +8, negative energy resistance 1, electricity
resistance, torment resistance 1, petrification resistance
a: Renounce Religion, Heroism, Finesse


You were on level 10 of the Dungeon.
You worshipped Okawaru.
Okawaru was greatly pleased with you.
You visited 2 branches of the dungeon, and saw 11 of its levels.
You also visited: Sewer.

You collected 526 gold pieces.
You spent 60 gold pieces at shops.


Innate Abilities, Weirdness & Mutations

You are immune to sickness and miasma.
Your stone body is resilient. (AC +8)
You are immune to poison.
You resist negative energy. (rN+)
You are resistant to electric shocks. (rElec)
You are resistant to unholy torment.
You are immune to petrification.


   Skills:
 - Level 8.1(13.1) Fighting
 - Level 11.1(16.1) Axes
 - Level 3.3(8.3) Throwing
 - Level 5.2(10.2) Armour
 + Level 1.6(6.6) Dodging
 - Level 5.4(10.4) Shields
 + Level 7.7 Invocations


You had 10 spell levels left.
You didn't know any spells.
Your spell library was empty.

Inventory:

Hand Weapons
 a - a +0 morningstar
 e - a +3 war axe (weapon)
Missiles
 o - a javelin (quivered)
Armour
 b - a +0 scale mail of cold resistance
 c - a +0 buckler (worn)
 j - a +1 ring mail of fire resistance
 n - a scarf of resistance (worn)
 p - a +0 chain mail (worn)
 v - a +2 pair of boots (worn)
Jewellery
 f - the ring of Jaezxitt (left hand) {rPois rF+ Str+2}
   (You acquired it on level 2 of the Dungeon)

   [ring of protection from fire]

   Str:       It affects your strength (+2).
   rF:        It protects you from fire.
   rPois:     It protects you from poison.
 r - an amulet of regeneration (around neck)
Scrolls
 g - a scroll of identify
 l - 3 scrolls of teleportation
Potions
 d - 3 potions of might
 h - a potion of attraction
 i - a potion of haste
 k - a potion of cancellation
 m - 3 potions of mutation
 u - a potion of lignification

Dungeon Overview and Level Annotations

Branches:
Dungeon (10/15)            Temple (1/1) D:6           Sewer (visited)
   Lair: D:8-11         Orc: D:9-12

Altars:
Ashenzari
Cheibriados
Dithmenos
Elyvilon
Fedhas
Gozag
Hepliaklqana
Kikubaaqudgha
Makhleb
Okawaru
Qazlal
Ru
Trog
Uskayaw
Vehumet
Wu Jian
Xom
Yredelemnul
Zin
The Shining One

Shops:
D:2 (   D:3 ?

Annotations:
D:4 1 runed translucent door, Crazy Yiuf
D:7 1 runed translucent door, qw's ghost, novice GrFi


Message History

The gargoyle hits you but does no damage.
You completely miss the gargoyle.
The gargoyle is moderately damaged.
The gargoyle hits you with a +0 mace!
You hit the gargoyle but do no damage.
The gargoyle is moderately damaged.
You hit the gargoyle.
The gargoyle is heavily damaged.
The gargoyle hits you with a +0 mace!
You hit the gargoyle.
The gargoyle is severely damaged.
The gargoyle hurls a stone arrow at you.
The stone arrow misses you.
You completely miss the gargoyle.
The gargoyle is severely damaged.
You barely miss the gargoyle.
The gargoyle is severely damaged.
The gargoyle hurls a stone arrow at you.
The stone arrow hits you!!
You hit the gargoyle.
The gargoyle is almost destroyed.
The gargoyle barely misses you.
You hit the gargoyle but do no damage.
The gargoyle is almost destroyed.
The gargoyle closely misses you.
You completely miss the gargoyle.
The gargoyle is almost destroyed.
You hit the gargoyle but do no damage.
The gargoyle is almost destroyed.
The gargoyle hurls a stone arrow at you.
The stone arrow hits you!
8540 ||| READING 4 scrolls of teleportation.
As you read the scroll of teleportation, it crumbles to dust.
You feel strangely unstable. You block the gargoyle's attack.
You hit the gargoyle but do no damage.
The gargoyle is almost destroyed.
The gargoyle hurls a stone arrow at you.
The stone arrow hits you!
You die...

#.. #.# #.# ~ ##.#
9( #... T~( #..#
h~~. #..# ..~~~
#.@##...~~~
#>%9h..~~~~
####.###..~~~~
#........~~~~.
#.#####....~~.~.~~~
#.# #.....~.~.~~..
#.# ....(........
#.# ............
#.#####.#.........#


You could see a gargoyle and a hound.

Vanquished Creatures
  4 two-headed ogres
  Psyche (D:9)
  A troll (D:10)
  Sigmund (D:3)
  A shadow (D:9)
  A wyvern (D:7)
  11 yaks
  Menkaure (D:5)
  Duvessa (D:4)
  A water moccasin (D:5)
  3 black bears
  A sky beast (D:7)
  A centaur (D:7)
  2 bullfrogs
  A necrophage (D:6)
  2 scorpions
  12 wights
  Dowan (D:4)
  A howler monkey (D:9)
  6 hounds
  5 jellies
  5 orc priests
  A gnoll bouda (D:5)
  Ijyb (D:3)
  4 iguanas
  5 orc wizards
  A merfolk siren (Sewer)
  A merfolk avatar (Sewer)
  3 gnolls (D:5)
  9 adders
  2 river rats
  A shadow imp (D:5)
  2 white imps
  An ufetubus (D:5)
  5 worms
  4 dart slugs
  12 orcs
  9 bats
  9 endoplasms
  9 giant cockroaches
  6 goblins
  5 hobgoblins
  6 quokkas
  9 ball pythons
  8 frilled lizards
  9 kobolds
  26 rats
211 creatures vanquished.

Notes
Turn   | Place    | Note
-------+----------+-------------------------------------------
     0 | D:1      | qw the Gargoyle Fighter began the quest for the Orb.
     0 | D:1      | Reached XP level 1. HP: 14/14 MP: 1/1
     0 | D:1      | 0 ||| qw: Version: 0.2-a-17-g06abaee
     0 | D:1      | 0 ||| qw: Game counter: 2289
     0 | D:1      | 0 ||| qw: Always use a shield: true
     0 | D:1      | 0 ||| qw: God list: Okawaru
     0 | D:1      | 0 ||| qw: Allow faded altars: false
     0 | D:1      | 0 ||| qw: Do Orc after D:15 true
     0 | D:1      | 0 ||| qw: Do second Lair branch before Depths: true
     0 | D:1      | 0 ||| qw: Lair rune preference: random
     0 | D:1      | 0 ||| qw: Plans: Normal, Zot:1-4, God:TSO, Crypt, Tomb,
                  | Pan, Slime:5, Hells, Abyss, Orb
     0 | D:1      | 0 ||| PLANNING D:1-11
    26 | D:1      | 26 ||| Stepping ~*~*~tactically~*~*~ (stealth).
    35 | D:1      | 35 ||| Stepping ~*~*~tactically~*~*~ (stealth).
    45 | D:1      | 45 ||| Stepping ~*~*~tactically~*~*~ (stealth).
    53 | D:1      | Reached skill level 2 in Axes
   107 | D:1      | Reached XP level 2. HP: 19/19 MP: 2/2
   375 | D:1      | Reached skill level 3 in Axes
   518 | D:1      | Reached XP level 3. HP: 23/23 MP: 3/3
   794 | D:1      | 794 ||| READING 3 scrolls labelled ORUFIRPHYEF.
   807 | D:1      | 807 ||| READING scroll labelled WUUTZI UDOUMAU.
   808 | D:1      | 808 ||| READING scroll labelled HUMIXAXYKA.
   809 | D:1      | 809 ||| READING scroll labelled OPEL REDWE.
   810 | D:1      | 810 ||| DRINKING 2 bubbling black potions.
   811 | D:1      | 811 ||| DRINKING 2 amethyst potions.
   812 | D:1      | 812 ||| DROPPING potion of brilliance.
   887 | D:2      | Found Ruphutu's Weapon Shop.
   889 | D:2      | 889 ||| Stepping randomly (stuck).
   890 | D:2      | 890 ||| Stepping randomly (stuck).
   896 | D:2      | 896 ||| Stepping randomly (stuck).
   897 | D:2      | 897 ||| Stepping randomly (stuck).
   907 | D:2      | 907 ||| SHOPLISTING +0 broad axe (48 gold, have 17).
   907 | D:2      | 907 ||| SHOPLISTING +0 whip (30 gold, have 17).
  1216 | D:2      | 1216 ||| Stepping ~*~*~tactically~*~*~ (stealth).
  1237 | D:2      | 1237 ||| Stepping ~*~*~tactically~*~*~ (stealth).
  1274 | D:2      | 1274 ||| Stepping ~*~*~tactically~*~*~ (stealth).
  1276 | D:2      | 1276 ||| Stepping ~*~*~tactically~*~*~ (stealth).
  1277 | D:2      | 1277 ||| Stepping ~*~*~tactically~*~*~ (stealth).
  1314 | D:2      | 1314 ||| DROPPING +0 club.
  1594 | D:2      | 1594 ||| READING scroll labelled EHIXUY ZYESYE.
  1594 | D:2      | Identified a scroll of acquirement
  1594 | D:2      | 1594 ||| ACQUIRING ring of Jaezxitt {rPois rF+ Str+2}
  1594 | D:2      | Acquired the ring of Jaezxitt {rPois rF+ Str+2}
  1596 | D:2      | 1596 ||| UPGRADING to ring of Jaezxitt {rPois rF+ Str+2}.
  1597 | D:2      | 1597 ||| DRINKING 2 sapphire potions.
  1622 | D:3      | Noticed Sigmund
  1623 | D:3      | 1623 ||| Stepping ~*~*~tactically~*~*~ (hiding).
  1630 | D:3      | HP: 5/23 [Sigmund/+5 scythe of venom (5)]
  1631 | D:3      | 1631 ||| READING 2 scrolls of teleportation.
  1634 | D:3      | 1634 ||| FLEEEEING.
  1635 | D:3      | 1635 ||| FLEEEEING.
  1637 | D:3      | HP: 5/23 [orc wizard/magic dart (2)]
  1638 | D:3      | 1638 ||| READING scroll of teleportation.
  1643 | D:3      | 1643 ||| DRINKING potion of curing.
  1643 | D:3      | 1643 ||| (to cure confusion)
  1645 | D:3      | Killed Sigmund
  1646 | D:3      | Reached skill level 5 in Axes
  1646 | D:3      | Reached XP level 4. HP: 19/28 MP: 4/4
  1646 | D:3      | Reached XP level 5. HP: 22/32 MP: 5/5
  1660 | D:3      | 1660 ||| FLEEEEING.
  1661 | D:3      | 1661 ||| FLEEEEING.
  1662 | D:3      | 1662 ||| FLEEEEING.
  1664 | D:3      | 1664 ||| FLEEEEING.
  1665 | D:3      | 1665 ||| FLEEEEING.
  1666 | D:3      | 1666 ||| FLEEEEING.
  1668 | D:3      | 1668 ||| FLEEEEING.
  1679 | D:3      | 1679 ||| FLEEEEING.
  1680 | D:3      | 1680 ||| FLEEEEING.
  1681 | D:3      | 1681 ||| FLEEEEING.
  1682 | D:3      | 1682 ||| FLEEEEING.
  1684 | D:3      | 1684 ||| FLEEEEING.
  1685 | D:3      | 1685 ||| STAIRDANCE
  1717 | D:3      | 1717 ||| STAIRDANCE
  1726 | D:2      | Reached XP level 6. HP: 33/37 MP: 6/6
  1743 | D:2      | 1743 ||| DROPPING +0 mace.
  1747 | D:3      | 1747 ||| STAIRDANCE
  1780 | D:3      | Reached skill level 1 in Dodging
  1886 | D:3      | Found Qear Eps's Magic Scroll Emporium.
  1892 | D:3      | 1892 ||| BUYING scroll of identify (20 gold).
  1892 | D:3      | Bought a scroll of identify for 20 gold pieces
  1892 | D:3      | 1892 ||| BUYING scroll of identify (20 gold).
  1892 | D:3      | Bought a scroll of identify for 20 gold pieces
  1892 | D:3      | 1892 ||| BUYING scroll of identify (20 gold).
  1892 | D:3      | Bought a scroll of identify for 20 gold pieces
  1892 | D:3      | 1892 ||| SHOPLISTING scroll of teleportation (30 gold, have
                  | 8).
  2009 | D:3      | Found a faded altar of an unknown god.
  2605 | D:3      | Noticed Ijyb
  2606 | D:3      | 2606 ||| Stepping ~*~*~tactically~*~*~ (hiding).
  2619 | D:3      | 2619 ||| DRINKING potion of curing.
  2619 | D:3      | 2619 ||| (to cure confusion)
  2648 | D:3      | Killed Ijyb
  2740 | D:3      | 2740 ||| UPGRADING to +1 ring mail of fire resistance.
  2750 | D:3      | 2750 ||| READING scroll labelled SEIRIKKONASH.
  2751 | D:3      | 2751 ||| DRINKING 2 red potions.
  2752 | D:3      | 2752 ||| READING 3 scrolls of identify.
  2752 | D:3      | 2752 ||| IDENTIFYING murky yellow potion
  2794 | D:4      | 2794 ||| PLANNING SEWER
  2799 | D:4      | 2799 ||| Stepping ~*~*~tactically~*~*~ (stealth).
  2826 | D:4      | Found a glowing drain.
  2827 | D:4      | 2827 ||| FLEEEEING.
  2828 | D:4      | 2828 ||| FLEEEEING.
  2829 | D:4      | 2829 ||| FLEEEEING.
  2830 | D:4      | 2830 ||| FLEEEEING.
  2831 | D:4      | 2831 ||| FLEEEEING.
  2832 | D:4      | 2832 ||| STAIRDANCE
  2847 | D:4      | 2847 ||| FLEEEEING.
  2848 | D:4      | 2848 ||| FLEEEEING.
  2849 | D:4      | 2849 ||| FLEEEEING.
  2852 | D:4      | 2852 ||| STAIRDANCE
  2856 | D:4      | 2856 ||| STAIRDANCE
  2863 | D:4      | 2863 ||| STAIRDANCE
  2880 | Sewer    | Entered a sewer
  2994 | Sewer    | Reached skill level 6 in Axes
  2997 | Sewer    | Reached XP level 7. HP: 42/43 MP: 7/7
  3125 | Sewer    | 3125 ||| Stepping ~*~*~tactically~*~*~ (water).
  3140 | Sewer    | 3140 ||| Stepping ~*~*~tactically~*~*~ (hiding).
  3254 | Sewer    | 3254 ||| UPGRADING to scarf of resistance.
  3259 | Sewer    | 3259 ||| DRINKING 2 orange potions.
  3260 | Sewer    | 3260 ||| READING 2 scrolls of identify.
  3260 | Sewer    | 3260 ||| IDENTIFYING fizzy grey potion
  3311 | D:4      | 3311 ||| PLANNING D:1-11
  3315 | D:4      | 3315 ||| Stepping ~*~*~tactically~*~*~ (water).
  3562 | D:4      | Noticed Duvessa
  3562 | D:4      | Noticed Dowan
  3578 | D:4      | 3578 ||| Stepping ~*~*~tactically~*~*~ (hiding).
  3579 | D:4      | 3579 ||| Stepping ~*~*~tactically~*~*~ (hiding).
  3580 | D:4      | 3580 ||| Stepping ~*~*~tactically~*~*~ (hiding).
  3582 | D:4      | 3582 ||| Stepping ~*~*~tactically~*~*~ (hiding).
  3583 | D:4      | 3583 ||| Stepping ~*~*~tactically~*~*~ (hiding).
  3586 | D:4      | Killed Duvessa
  3589 | D:4      | Killed Dowan
  3763 | D:4      | Found a runed translucent door.
  3764 | D:4      | Noticed Crazy Yiuf
  3915 | D:4      | 3915 ||| DROPPING amulet of faith.
  3916 | D:4      | 3916 ||| READING scroll labelled YDUEHU QACEONA.
  3948 | D:5      | Entered Level 5 of the Dungeon
  3949 | D:5      | 3949 ||| STAIRDANCE
  4014 | D:5      | 4014 ||| STAIRDANCE
  4084 | D:5      | 4084 ||| STAIRDANCE
  4282 | D:5      | Reached skill level 7 in Axes
  4288 | D:5      | Reached XP level 8. HP: 14/48 MP: 8/8
  4669 | D:5      | Noticed Menkaure
  4677 | D:5      | Killed Menkaure
  4800 | D:5      | 4800 ||| DROPPING +0 scale mail.
  4801 | D:5      | 4801 ||| UPGRADING to +0 chain mail.
  4811 | D:5      | 4811 ||| UPGRADING to amulet of regeneration.
  4816 | D:5      | 4816 ||| READING scroll labelled TOPNANT EBBOFF.
  4832 | D:6      | Found a staircase to the Ecumenical Temple.
  4833 | D:6      | 4833 ||| PLANNING TEMPLE
  4833 | D:6      | 4833 ||| STAIRDANCE
  4837 | D:6      | 4837 ||| STAIRDANCE
  4856 | D:6      | 4856 ||| STAIRDANCE
  4860 | D:6      | 4860 ||| STAIRDANCE
  4864 | D:6      | 4864 ||| STAIRDANCE
  4878 | D:6      | 4878 ||| STAIRDANCE
  4902 | D:6      | 4902 ||| STAIRDANCE
  4906 | D:6      | 4906 ||| STAIRDANCE
  4910 | D:6      | 4910 ||| STAIRDANCE
  4914 | D:6      | 4914 ||| STAIRDANCE
  4921 | D:6      | 4921 ||| STAIRDANCE
  4931 | D:6      | 4931 ||| Stepping ~*~*~tactically~*~*~ (hiding).
  4943 | Temple   | Entered the Ecumenical Temple
  5027 | Temple   | 5027 ||| PLANNING OKAWARU WORSHIP
  5087 | Temple   | Became a worshipper of Warmaster Okawaru
  5088 | Temple   | 5088 ||| PLANNING D:1-11
  5189 | D:6      | Found a hazy altar of Hepliaklqana.
  5215 | D:6      | 5215 ||| Stepping ~*~*~tactically~*~*~ (stealth).
  5230 | D:6      | Reached skill level 8 in Axes
  5238 | D:6      | Reached skill level 6 in Fighting
  5301 | D:6      | Found a burning altar of Makhleb.
  5362 | D:6      | Found a radiant altar of Vehumet.
  5600 | D:7      | Noticed a wyvern
  5601 | D:7      | 5601 ||| Stepping ~*~*~tactically~*~*~ (hiding).
  5612 | D:7      | Killed a wyvern
  5620 | D:7      | Reached * piety under Okawaru
  5621 | D:7      | Reached skill level 9 in Axes
  5621 | D:7      | Reached XP level 9. HP: 52/55 MP: 9/9
  5639 | D:7      | 5639 ||| DROPPING +2 whip of electrocution.
  5689 | D:7      | Reached skill level 1 in Invocations
  5759 | D:7      | 5759 ||| INVOKING Heroism.
  6133 | D:7      | Reached skill level 3 in Throwing
  6360 | D:7      | Found a runed translucent door.
  6360 | D:7      | Noticed qw's ghost (novice GrFi)
  6497 | D:7      | 6497 ||| READING scroll labelled DAIC EZYUTU.
  6507 | D:7      | 6507 ||| READING 2 scrolls of identify.
  6507 | D:7      | 6507 ||| IDENTIFYING yellow potion
  6623 | D:8      | 6623 ||| INVOKING Heroism.
  6626 | D:8      | Reached skill level 3 in Invocations
  6705 | D:8      | 6705 ||| INVOKING Heroism.
  6708 | D:8      | HP: 12/55 [yak (11)]
  6709 | D:8      | 6709 ||| READING 7 scrolls of teleportation.
  6710 | D:8      | 6710 ||| DRINKING 3 potions of heal wounds.
  6718 | D:8      | 6718 ||| Stepping ~*~*~tactically~*~*~ (stealth).
  6733 | D:8      | 6733 ||| DROPPING +0 flail.
  6734 | D:8      | 6734 ||| Stepping ~*~*~tactically~*~*~ (stealth).
  6744 | D:8      | 6744 ||| Stepping ~*~*~tactically~*~*~ (stealth).
  6819 | D:8      | Noticed a two-headed ogre
  6820 | D:8      | 6820 ||| INVOKING Heroism.
  6827 | D:8      | Killed a two-headed ogre
  6827 | D:8      | Reached ** piety under Okawaru
  6913 | D:8      | 6913 ||| INVOKING Heroism.
  7017 | D:8      | Identified the +8 short sword "Gadaaf" {vamp, Fragile rCorr
                  | Stlth+}
  7144 | D:8      | 7144 ||| INVOKING Heroism.
  7162 | D:8      | Reached XP level 10. HP: 37/63 MP: 14/14
  7169 | D:8      | 7169 ||| INVOKING Heroism.
  7552 | D:8      | 7552 ||| UPGRADING to +0 pair of boots.
  7557 | D:8      | 7557 ||| READING scroll of enchant armour.
  7557 | D:8      | 7557 ||| ENCHANTING +0 pair of boots.
  7558 | D:8      | 7558 ||| READING scroll labelled AMOAKORHAG.
  7616 | D:9      | 7616 ||| STAIRDANCE
  7624 | D:9      | 7624 ||| STAIRDANCE
  7626 | D:8      | 7626 ||| INVOKING Heroism.
  7628 | D:8      | HP: 9/63 [freezing wraith (9)]
  7629 | D:8      | 7629 ||| READING 7 scrolls of teleportation.
  7629 | D:8      | HP: 4/63 [freezing wraith (5)]
  7630 | D:8      | 7630 ||| DRINKING 2 potions of heal wounds.
  7659 | D:9      | Noticed a two-headed ogre
  7660 | D:9      | 7660 ||| INVOKING Heroism.
  7667 | D:9      | Killed a two-headed ogre
  7667 | D:9      | Reached *** piety under Okawaru
  7668 | D:9      | Reached skill level 10 in Axes
  7678 | D:9      | 7678 ||| DRINKING potion of curing.
  7678 | D:9      | 7678 ||| (to cure confusion)
  7702 | D:9      | HP: 13/64 [wight/+3 war axe (7)]
  7703 | D:9      | 7703 ||| READING 6 scrolls of teleportation.
  7703 | D:9      | HP: 5/64 [wight/+0 halberd (3)]
  7704 | D:9      | 7704 ||| DRINKING potion of heal wounds.
  7705 | D:9      | 7705 ||| INVOKING Heroism.
  7707 | D:9      | Noticed Psyche
  7709 | D:9      | Killed Psyche
  7709 | D:9      | Reached **** piety under Okawaru
  7743 | D:9      | 7743 ||| INVOKING Heroism.
  7784 | D:9      | 7784 ||| DROPPING +1 flail.
  7788 | D:9      | 7788 ||| SWAPPING to +3 war axe.
  7789 | D:9      | 7789 ||| DROPPING +1 war axe.
  7834 | D:9      | 7834 ||| INVOKING Heroism.
  7839 | D:9      | Reached skill level 6 in Invocations
  7933 | D:9      | 7933 ||| INVOKING Heroism.
  7966 | D:9      | Found a blossoming altar of Fedhas.
  8004 | D:9      | Noticed a two-headed ogre
  8005 | D:9      | 8005 ||| INVOKING Heroism.
  8007 | D:9      | Noticed a two-headed ogre
  8017 | D:9      | Killed a two-headed ogre
  8017 | D:9      | HP: 7/64 [two-headed ogre/+0 giant club (21)]
  8018 | D:9      | Reached XP level 11. HP: 8/68 MP: 13/16
  8018 | D:9      | 8018 ||| READING 5 scrolls of teleportation.
  8019 | D:9      | 8019 ||| DRINKING potion of heal wounds.
  8120 | D:9      | 8120 ||| Stepping randomly (stuck).
  8121 | D:9      | 8121 ||| Stepping randomly (stuck).
  8122 | D:9      | 8122 ||| INVOKING Heroism.
  8130 | D:9      | Killed a two-headed ogre
  8131 | D:9      | Reached skill level 11 in Axes
  8209 | D:9      | 8209 ||| READING scroll of enchant armour.
  8209 | D:9      | 8209 ||| ENCHANTING +1 pair of boots.
  8360 | D:9      | 8360 ||| Stepping randomly (stuck).
  8361 | D:9      | 8361 ||| Stepping randomly (stuck).
  8362 | D:9      | 8362 ||| Stepping randomly (stuck).
  8363 | D:9      | 8363 ||| Stepping randomly (stuck).
  8453 | D:10     | Entered Level 10 of the Dungeon
  8504 | D:10     | 8504 ||| Stepping ~*~*~tactically~*~*~ (stealth).
  8506 | D:10     | 8506 ||| Stepping ~*~*~tactically~*~*~ (stealth).
  8508 | D:10     | 8508 ||| INVOKING Heroism.
  8514 | D:10     | 8514 ||| Stepping ~*~*~tactically~*~*~ (hiding).
  8528 | D:10     | Received a gift from Okawaru
  8539 | D:10     | HP: 13/68 [gargoyle/stone arrow (17)]
  8540 | D:10     | 8540 ||| READING 4 scrolls of teleportation.
  8541 | D:10     | Killed from afar by a gargoyle

Levels and vault maps discovered:
D:1:      amcnicky_arrival_single_pillar, layout_basic,
          hangedman_abyss_or_decor_stabs, minmay_tromino_i4
D:2:      layout_loops_ring, serial_shops, nicolae_shop_hallway_plus
D:3:      layout_basic, serial_shops, nicolae_square_shop,
          ebering_ecumenical_altar_box, uniq_sigmund, uniq_ijyb
D:4:      layout_rooms, cheibrodos_sewer_entry_sluice, uniq_crazy_yiuf_cottage,
          uniq_duvessa
D:5:      layout_rooms, uniq_menkaure
D:6:      layout_cave_pools, bloody_makhleb, nicolae_vehumet_altar_sigil,
          general_overflow_altar, minmay_temple_entry_arrows
D:7:      layout_basic, gammafunk_ghost_grave, minmay_tree_intersection
D:8:      layout_loops_corners
D:9:      layout_cross, marbit_many_paths, uniq_psyche
D:10:     layout_loops_corners, kennysheep_mini, led_sif_pool, erik_lair_island,
          erik_orc_4
Temple:   nicolae_temple_elliptical

Skill      XL: |  1  2  3  4  5  6  7  8  9 10 11 |
---------------+----------------------------------+-----
Axes           | 2 3 5 6 7 9 10 11 | 11.1
Dodging        | 1 |  1.6
Fighting       | 4 6 7 8 |  8.1
Throwing       | 2 3 |  3.3
Invocations    | 5 6 7 |  7.7
Shields        | 4 5 |  5.4
Armour         | 4 5 |  5.2

Action                   |  1- 3 |  4- 6 |  7- 9 | 10-12 || total
-------------------------+-------+-------+-------+-------++-------
Melee: War axe           |   142 |   172 |   277 |   134 ||   725
Throw: Javelin           |       |       |    44 |    10 ||    54
Invok: Heroism           |       |       |     6 |    10 ||    16
  Use: Scroll            |     7 |     2 |     6 |     7 ||    22
       Potion            |     4 |     2 |     2 |     4 ||    12
Armor: Scale mail        |    85 |    57 |       |       ||   142
       Ring mail         |       |    12 |    67 |       ||    79
       Chain mail        |       |       |    53 |    71 ||   124
Dodge: Dodged            |    72 |    64 |   101 |    58 ||   295
Block: Buckler           |    40 |    29 |    54 |    25 ||   148

Table legend:
 A = Non-vault XP
 B = Vault XP
 C = Vault XP percentage of total XP
 D = Non-vault monster count
 E = Vault monster count
 F = Vault count percentage of total count
                 A         B        C        D         E       F
            +---------+---------+-------+---------+---------+-------
      Total |    9195 |    1787 |  16.3 |     157 |      54 |  25.6
            +---------+---------+-------+---------+---------+-------
        D:1 |      36 |       4 |  10.0 |      23 |       2 |   8.0
        D:2 |      41 |       0 |   0.0 |      18 |       0 |   0.0
        D:3 |     121 |     270 |  69.1 |      22 |       2 |   8.3
        D:4 |     201 |     243 |  54.7 |      21 |       5 |  19.2
        D:5 |     411 |     165 |  28.6 |      13 |       1 |   7.1
        D:6 |     436 |       0 |   0.0 |       8 |       0 |   0.0
        D:7 |     747 |       0 |   0.0 |       8 |       0 |   0.0
        D:8 |    2309 |       0 |   0.0 |      14 |       0 |   0.0
        D:9 |    4893 |     435 |   8.2 |      30 |       2 |   6.2
       D:10 |       0 |     520 | 100.0 |       0 |       6 | 100.0
      Sewer |       0 |     150 | 100.0 |       0 |      36 | 100.0
            +---------+---------+-------+---------+---------+-------
